 Dungeon Crawl Stone Soup version 0.28-a0-1429-gf3d713df7a (webtiles) character file.

Game seed: 11265348837354079349

75558 leviel the Warrior (level 15, -2/144 HPs)
             Began as a Hill Orc Fighter on Jan 8, 2022.
             Was a High Priest of the Shining One.
             Succumbed to a sea snake's poison
             ... on level 1 of the Snake Pit.
             The game lasted 00:42:23 (23311 turns).

leviel the Warrior (Hill Orc Fighter)              Turns: 23311, Time: 00:42:23

Health: -2/144     AC: 25    Str: 14    XL:     15   Next: 50%
Magic:  19/23      EV:  4    Int: 14    God:    the Shining One [*****.]
Gold:   504        SH: 10    Dex: 18    Spells: 14/14 levels left

rFire   . . .      SeeInvis .   b - +11 spear "With Two Names" {spect, +Blink rC+ Str-5 Int+4}
rCold   + . .      Faith    .   W - +0 kite shield
rNeg    + + +      Spirit   .   Q - +1 plate armour {rPois}
rPois   +          Reflect  .   P - +0 hat
rElec   +          Harm     .   (no cloak)
rCorr   .          Rampage  .   p - +3 pair of gloves "Pinulidde" {rElec rPois Str-4}
Will    +....                   A - +1 pair of boots
Stlth   ..........              v - amulet of regeneration
HPRegen 1.14/turn               u - ring of positive energy
MPRegen 0.18/turn               R - +6 ring of dexterity

@: lethally poisoned (-2 -> -23), glowing
A: no striking features
a: Renounce Religion, Evoke Blink, Divine Shield, Cleansing Flame, Summon Divine
Warrior


You were on level 1 of the Snake Pit.
You worshipped the Shining One.
The Shining One was extremely pleased with you.
You visited 5 branches of the dungeon, and saw 22 of its levels.
You also visited: Bailey.

You collected 2224 gold pieces.
You spent 1720 gold pieces at shops.

Inventory:

Hand Weapons
 a - the +8 mithril axe "Arga" {speed, Will+}
   (You bought it in a shop on level 1 of the Orcish Mines)

   Attacks with this weapon are significantly faster.
   Will:      It increases your willpower.
 b - the +11 spear "With Two Names" (weapon) {spect, +Blink rC+ Str-5 Int+4}
   (You bought it in a shop on level 1 of the Dungeon)

   When its wielder attacks, the weapon's spirit leaps out and strikes again.
   The spirit shares a part of any damage it takes with its wielder.
   Str:       It affects your strength (-5).
   Int:       It affects your intelligence (+4).
   rC:        It protects you from cold.
   +Blink:    It lets you blink.
 K - a +1 war axe of flaming
Missiles
 s - 8 curare-tipped darts
 E - 31 poisoned darts
 M - a throwing net
 T - 12 atropa-tipped darts
Armour
 n - the +0 chain mail of Cynicism {Dex+5}
   (You found it on level 3 of the Dungeon)

   Dex:       It affects your dexterity (+5).
 p - the +3 pair of gloves "Pinulidde" (worn) {rElec rPois Str-4}
   (You found it on level 2 of the Orcish Mines)

   Str:       It affects your strength (-4).
   rElec:     It insulates you from electricity.
   rPois:     It protects you from poison.
 A - a +1 pair of boots (worn)
 D - +2 fire dragon scales {rF++ rC-}
 L - a +1 plate armour of fire resistance
 P - a +0 hat (worn)
 Q - a +1 plate armour of poison resistance (worn)
 W - a +0 kite shield (worn)
Jewellery
 q - an amulet of faith
 u - a ring of positive energy (left hand)
 v - an amulet of regeneration (around neck)
 B - a ring of poison resistance
 R - a +6 ring of dexterity (right hand)
Wands
 h - a wand of digging (7)
 o - a wand of paralysis (5)
 r - a wand of mindburst (13)
 w - a wand of flame (48)
 y - a wand of iceblast (2)
 N - a wand of polymorph (5)
Scrolls
 g - a scroll of vulnerability {unknown}
 x - 9 scrolls of teleportation
 z - 2 scrolls of silence
 C - 3 scrolls of magic mapping
 H - 4 scrolls of fear
 J - a scroll of enchant armour {@r2}
 O - 4 scrolls of identify {@r1}
 S - a scroll of amnesia
Potions
 c - a potion of ambrosia
 e - 3 potions of haste
 f - 3 potions of berserk rage
 i - 4 potions of brilliance
 k - 3 potions of magic
 l - 5 potions of mutation {unknown}
 m - 2 potions of might
 F - 2 potions of curing
 G - 4 potions of cancellation
 I - a potion of lignification {unknown}
 U - a potion of invisibility {unknown}
 V - 2 potions of flight {unknown}


   Skills:
 + Level 16.2 Fighting
 + Level 15.7(17.3) Axes
 - Level 10.2(13.2) Polearms
 - Level 6.0 Throwing
 + Level 15.0 Armour
 + Level 5.9 Shields
 + Level 11.1 Invocations
 - Level 5.0 Evocations


You had 14 spell levels left.
You didn't know any spells.
Your spell library contained the following spells:

 Spells                   Type           Power      Damage    Failure   Level
 Freeze                   Ice            0%         1d3       100%        1
 Pain                     Necr           0%         1d4       100%        1
 Corpse Rot               Necr/Air       0%         N/A       100%        2
 Poisonous Vapours        Pois/Air       0%         N/A       100%        2
 Conjure Flame            Conj/Fire      0%         6-21      100%        3
 Frozen Ramparts          Ice            0%         1d2       100%        3
 Gell's Gravitas          Tloc           0%         N/A       100%        3
 Ignite Poison            Fire/Tmut/Pois 0%         N/A       100%        3
 Teleport Other           Tloc           0%         N/A       100%        3
 Tukima's Dance           Hex            0%         N/A       100%        3
 Hailstorm                Conj/Ice       0%         3d3       100%        4
 Passage of Golubria      Tloc           0%         N/A       100%        4
 Petrify                  Tmut/Erth      0%         N/A       100%        4
 Sticky Flame             Conj/Fire      0%         2d3       100%        4
 Agony                    Necr           0%         N/A       100%        5
 Blade Hands              Tmut           0%         N/A       100%        5
 Excruciating Wounds      Necr           0%         N/A       100%        5
 Irradiate                Conj/Tmut      0%         3d13      100%        5
 Metabolic Englaciation   Hex/Ice        0%         N/A       100%        5
 Yara's Violent Unravell  Hex/Tmut       0%         3d3       100%        5
 Dispersal                Tloc           0%         N/A       100%        6
 Statue Form              Tmut/Erth      0%         N/A       100%        6
 Dragon Form              Tmut           0%         N/A       100%        7


Dungeon Overview and Level Annotations

Branches:
Dungeon (12/15)            Temple (1/1) D:6            Lair (6/6) D:11
  Snake (1/4) Lair:3       Spider (0/4) Lair:3        Slime (0/5) Lair:5
    Orc (2/2) D:9             Elf (0/3) Orc:2        Bailey (visited)

Altars:
Ashenzari
Cheibriados
Dithmenos
Elyvilon
Fedhas
Gozag
Hepliaklqana
Kikubaaqudgha
Makhleb
Nemelex Xobeh
Okawaru
Qazlal
Ru
Sif Muna
Trog
Uskayaw
Vehumet
Wu Jian
Xom
Yredelemnul
Zin
The Shining One

Shops:
D:1 (   D:6 *   Orc:1 =((([   Orc:2 *:!*

Portals:
Hell: Lair:6
Trove: D:10 (give +2 gold dragon scales)

Annotations:
D:9 2 transporters, lonewolfV2's ghost, novice HOFi
D:10 1 runed translucent door, SirDiesAlot's ghost, journeyman DjCj
Lair:2 2 transporters


Message History

Orders for allies: a - Attack new target. r - Retreat! s - Stop attacking. g - Guard the area. f - Follow me.
Anything else - Cancel.
Gang up on whom?
Press: ? - help, Dir - move target, f - sea snake
Aim: a sea snake (haloed) Attack!
Your daeva calls down the wrath of the Shining One upon the sea snake.
The sea snake is smitten.
Items here: ))))) [ ÷.
You start resting.
A sea snake is nearby!
You barely miss the sea snake.
The sea snake is moderately wounded.
Your +11 spear "With Two Names" {spect, +Blink rC+ Str-5 Int+4} hits the sea snake from afar.
You puncture the sea snake!
The sea snake is moderately wounded.
Your +11 spear "With Two Names" {spect, +Blink rC+ Str-5 Int+4} barely misses the sea snake.
The sea snake bites you but does no damage.
You hit the sea snake.
The sea snake is heavily wounded.
Your +11 spear "With Two Names" {spect, +Blink rC+ Str-5 Int+4} hits the sea snake from afar!
The sea snake bites you but does no damage.
You puncture the sea snake!
The sea snake is severely wounded.
Your +11 spear "With Two Names" {spect, +Blink rC+ Str-5 Int+4} hits the sea snake from afar!
The sea snake bites you!
* * * LOW HITPOINT WARNING * * *
You are lethally poisoned!
The sea snake poisons you!
You closely miss the sea snake.
The sea snake is almost dead.
Your +11 spear "With Two Names" {spect, +Blink rC+ Str-5 Int+4} hits the sea snake from afar!
You kill the sea snake!
* * * LOW HITPOINT WARNING * * *
You feel very sick.
The salamander hits you but does no damage.
Your Armour skill increases to level 15!
You die...

##..##...######.##
..####..#
##.<#.)##.#####.##
#...##.#
#..#.)#..#..##.#.#
###..##..#
##.##.#..#.###..#^##
#...#...##
#..#..####.###.#.#.#
###.##...##
#..#.###..#.###.#.##
#.#.##.#.# ...###
####.# ##.###
#.###..#.## ..#.#
#####..§.#
..##..##.#.. ....#
#...@.###.. ########.
#..## ##.###†##. ##
#..# ####.###)N##
#### #.#.## #)## #
#..#.# #S### ####
#..#####)..## #).#
#### #.N...# ...#
##### ##A..##########
.###
......##).N##....[..#
#


There were no monsters in sight!

Vanquished Creatures
  Gastronok (Lair:2)
  Donald (Orc:2)
  The ghost of Vayczud the Brawler, a journeyman TrMo of Makhleb (Lair:6)
  The ghost of flotson the Fighter, a journeyman DsGl of Hepliaklqana (Orc:2)
  A dire elephant (Lair:6)
  A minotaur (Orc:2)
  Snorg (Orc:2)
  3 naga warriors (Snake:1)
  2 boulder beetles
  A catoblepas (Lair:3)
  5 hydras
  Erica (D:8)
  2 anacondas (Snake:1)
  2 two-headed ogres
  4 naga sharpshooters (Snake:1)
  3 orc high priests (Orc:2)
  A sun demon (Lair:6)
  4 sea snakes (Snake:1)
  2 naga ritualists (Snake:1)
  4 orc knights
  A wizard (Lair:6)
  2 lindwurms (Lair:6)
  Pikel (D:8)
  A mana viper (Snake:1)
  A cyclops (D:11)
  4 salamanders (Snake:1)
  2 ugly things
  4 orc sorcerers (Orc:2)
  10 elephants
  8 black mambas
  3 naga magi (Snake:1)
  2 gargoyles (D:10)
  A guardian serpent (Snake:1)
  25 cane toads
  2 orange demons (Lair:6)
  3 rime drakes
  2 kobold demonologists (D:11)
  9 komodo dragons
  2 ice devils (Lair:6)
  A hellwing (Lair:6)
  2 red devils (Lair:6)
  3 trolls
  A polar bear (Lair:3)
  16 blink frogs
  Sigmund (D:3)
  5 spriggans (Bailey)
  2 shadows
  34 yaks
  8 wyverns
  Eustachio (D:6)
  2 basilisks
  3 humans
  2 vampire mosquitoes (D:12)
  Menkaure (D:6)
  3 wargs
  An acid dragon (Bailey)
  Edmund (D:5)
  Duvessa (D:4)
  15 nagas
  4 hell hounds (Lair:6)
  22 water moccasins
  12 orc warriors
  3 necrophages (D:6)
  15 ogres
  2 black bears
  A sky beast (D:8)
  A wolf (Lair:6)
  4 centaurs
  2 lemures (D:8)
  5 kobold brigands
  8 bullfrogs
  Blork the orc (D:6)
  A gnoll sergeant (D:8)
  A scorpion (D:3)
  A wyvern zombie (D:7)
  Dowan (D:4)
  7 killer bees
  8 howler monkeys
  4 electric eels
  4 centaur zombies
  7 orc priests
  2 hounds
  2 jellies (Lair:5)
  3 centaur skeletons
  Ijyb (D:4)
  2 iguanas
  13 orc wizards
  A howler monkey skeleton (D:6)
  5 gnolls (D:8)
  4 adders
  A shadow imp (D:6)
  2 white imps
  An ufetubus (D:5)
  A worm (D:3)
  3 dart slugs
  47 orcs
  4 bats
  9 endoplasms
  3 giant cockroaches
  10 goblins
  6 hobgoblins
  7 quokkas
  6 ball pythons
  5 frilled lizards
  20 kobolds
  5 rats
504 creatures vanquished.

Vanquished Creatures (collateral kills)
  A naga sharpshooter (Snake:1)
  A naga (Snake:1)
2 creatures vanquished.

Vanquished Creatures (others)
  A naga (Snake:1)
  An orc warrior (Orc:2)
  2 orc priests (Orc:2)
  An orc wizard (Orc:2)
  An orc (Orc:2)
  22 fungi
  55 plants
83 creatures vanquished.

Grand Total: 589 creatures vanquished

Notes
Turn   | Place    | Note
-------+----------+-------------------------------------------
     0 | D:1      | leviel the Hill Orc Fighter began the quest for the Orb.
     0 | D:1      | Reached XP level 1. HP: 19/19 MP: 1/1
    96 | D:1      | Reached XP level 2. HP: 27/27 MP: 2/2
   225 | D:1      | Found a faded altar of an unknown god.
   264 | D:1      | Prayed at the altar of an unknown god.
   264 | D:1      | Became a worshipper of the Shining One
   264 | D:1      | Reached * piety under the Shining One
   479 | D:1      | Found Eggeliph's Antique Weapon Shop.
   516 | D:1      | Reached skill level 4 in Fighting
   521 | D:1      | Reached XP level 3. HP: 28/33 MP: 3/3
  1820 | D:3      | Reached XP level 4. HP: 40/40 MP: 4/4
  1867 | D:3      | Noticed Sigmund
  1880 | D:3      | Killed Sigmund
  1881 | D:3      | Reached skill level 1 in Invocations
  1881 | D:3      | Reached XP level 5. HP: 43/47 MP: 2/6
  1881 | D:3      | Reached XP level 6. HP: 49/53 MP: 2/7
  2370 | D:3      | Identified the +0 chain mail of Cynicism {Dex+5}
  2393 | D:3      | Reached skill level 5 in Axes
  2789 | D:4      | Noticed Ijyb
  2790 | D:4      | Paralysed by Ijyb for 4 turns
  2800 | D:4      | Killed Ijyb
  2825 | D:4      | Noticed Duvessa
  2855 | D:4      | Noticed Dowan
  2873 | D:4      | Killed Duvessa
  2874 | D:4      | Reached skill level 5 in Fighting
  2879 | D:4      | Killed Dowan
  2880 | D:4      | Reached XP level 7. HP: 26/61 MP: 7/9
  3985 | D:5      | Entered Level 5 of the Dungeon
  4009 | D:5      | Reached skill level 5 in Armour
  4151 | D:5      | Noticed Edmund
  4163 | D:5      | Killed Edmund
  4773 | D:5      | Reached skill level 1 in Throwing
  4932 | D:5      | Reached XP level 8. HP: 70/70 MP: 11/11
  5044 | D:6      | Reached skill level 6 in Fighting
  5162 | D:6      | Reached ** piety under the Shining One
  5223 | D:6      | Found a staircase to the Ecumenical Temple.
  5223 | D:6      | Noticed a yak
  5224 | D:6      | Noticed a yak
  5225 | D:6      | Noticed a yak
  5244 | D:6      | Killed a yak
  5249 | D:6      | Killed a yak
  5250 | D:6      | Reached skill level 1 in Evocations
  5260 | D:6      | Killed a yak
  5261 | D:6      | Reached skill level 5 in Invocations
  5479 | Temple   | Entered the Ecumenical Temple
  5705 | D:6      | Noticed Blork the orc
  5710 | D:6      | Killed Blork the orc
  5711 | D:6      | Reached XP level 9. HP: 78/78 MP: 11/13
  5965 | D:6      | Noticed Menkaure
  5974 | D:6      | Killed Menkaure
  5975 | D:6      | Reached skill level 7 in Fighting
  6136 | D:6      | Noticed Eustachio
  6162 | D:6      | Killed Eustachio
  6442 | D:6      | Found Gylil's Assorted Antiques.
  6575 | D:1      | Bought a steaming spear for 136 gold pieces
  6575 | D:1      | Identified the +11 spear "With Two Names" {spect, +Blink
                  | rC+ Str-5 Int+4} (You bought it in a shop on level 1 of the
                  | Dungeon)
  7072 | D:6      | Bought a forked brass wand for 108 gold pieces
  7095 | D:7      | Reached *** piety under the Shining One
  7103 | D:7      | Reached skill level 1 in Polearms
  7186 | D:7      | Noticed a purple ugly thing
  7194 | D:7      | Killed a purple ugly thing
  7195 | D:7      | Reached skill level 10 in Axes
  7195 | D:7      | Reached XP level 10. HP: 70/88 MP: 13/15
  7959 | D:8      | Reached skill level 8 in Fighting
  7962 | D:8      | Noticed Pikel
  7979 | D:8      | Killed Pikel
  8149 | D:8      | Noticed Erica
  8157 | D:8      | Killed Erica
  8856 | D:9      | Found a stormy altar of Qazlal.
  8871 | D:9      | Found a flagged portal.
  8892 | Bailey   | Entered a bailey
  8905 | Bailey   | Reached skill level 5 in Throwing
  8920 | Bailey   | Reached skill level 5 in Evocations
  8920 | Bailey   | Reached XP level 11. HP: 86/95 MP: 17/17
  9036 | Bailey   | Reached skill level 9 in Fighting
  9309 | Bailey   | Noticed a two-headed ogre
  9316 | Bailey   | Killed a two-headed ogre
  9347 | Bailey   | Identified the +5 morningstar of Excruciating Pain {drain,
                  | +Blink Will+ Int+3}
  9356 | Bailey   | Reached skill level 5 in Polearms
  9642 | D:9      | Reached **** piety under the Shining One
 10426 | D:9      | Found a staircase to the Orcish Mines.
 10717 | D:9      | Found a transporter.
 10738 | D:9      | Found a transporter.
 10738 | D:9      | Noticed a tengu warrior
 10738 | D:9      | Noticed lonewolfV2's ghost (novice HOFi)
 10739 | D:9      | Noticed a moth of wrath
 10741 | D:9      | Noticed a two-headed ogre
 10748 | D:9      | Found a bloodstained altar of Trog.
 10848 | D:9      | Found a bloodstained altar of Trog.
 10851 | D:9      | Found a sacrificial altar of Ru.
 10854 | D:9      | Found a shadowy altar of Dithmenos.
 10857 | D:9      | Found an ornate altar of the Wu Jian Council.
 11184 | D:10     | Entered Level 10 of the Dungeon
 11307 | D:10     | Found a runed translucent door.
 11309 | D:10     | Noticed SirDiesAlot's ghost (journeyman DjCj)
 11318 | D:10     | Found a portal to a secret trove of treasure.
 11475 | D:10     | Noticed a two-headed ogre
 11479 | D:10     | Killed a two-headed ogre
 11792 | D:10     | Found an iron altar of Okawaru.
 11955 | D:10     | Reached skill level 10 in Fighting
 12308 | D:11     | Found a staircase to the Lair.
 12383 | D:11     | Noticed a purple ugly thing
 12390 | D:11     | Killed a purple ugly thing
 12688 | D:11     | Noticed a cyclops
 12695 | D:11     | Killed a cyclops
 12696 | D:11     | Reached skill level 10 in Invocations
 12883 | D:11     | Reached XP level 12. HP: 107/107 MP: 19/19
 12995 | D:11     | Noticed a boulder beetle
 13024 | D:11     | Killed a boulder beetle
 13230 | D:11     | Reached ***** piety under the Shining One
 13234 | D:11     | Reached skill level 10 in Armour
 13236 | D:11     | Reached skill level 11 in Fighting
 13418 | Orc:1    | Entered Level 1 of the Orcish Mines
 13418 | Orc:1    | Found Ikeimadun's Antique Armour Shop.
 13544 | Orc:2    | Entered Level 2 of the Orcish Mines
 13579 | Orc:2    | Found a runed translucent gate.
 13619 | Orc:2    | Found a staircase to the Elven Halls.
 13692 | Orc:2    | Found a runed translucent gate.
 13692 | Orc:2    | Found a runed translucent gate.
 13694 | Orc:2    | Noticed a minotaur
 13695 | Orc:2    | Noticed flotson's ghost (journeyman DsGl)
 13968 | Orc:2    | Noticed Donald
 13982 | Orc:2    | Killed Donald
 14302 | Orc:2    | Noticed Snorg
 14312 | Orc:2    | Killed Snorg
 14576 | Orc:2    | Noticed an orc high priest
 14579 | Orc:2    | Noticed an orc high priest
 14584 | Orc:2    | Killed an orc high priest
 14584 | Orc:2    | Noticed an orc high priest
 14588 | Orc:2    | Killed an orc high priest
 14589 | Orc:2    | Reached skill level 12 in Fighting
 14703 | Orc:1    | Found Wutwuini's Jewellery Emporium.
 14764 | Orc:1    | Found Ronowoth's Weapon Shoppe.
 14971 | Orc:1    | Found Midar's Antique Weapon Boutique.
 14995 | Orc:1    | Found Naotetz's Weapon Emporium.
 15059 | Orc:1    | Bought the +8 mithril axe "Arga" {speed, Will+} for 1162
                  | gold pieces
 15059 | Orc:1    | Found the +8 mithril axe "Arga" {speed, Will+}
 15551 | Orc:2    | Killed an orc high priest
 15711 | Orc:2    | Reached XP level 13. HP: 71/119 MP: 20/20
 15911 | Orc:2    | Paralysed by an orc sorcerer for 6 turns
 16014 | Orc:2    | Found Baizeus's Distillery.
 16014 | Orc:2    | Found Biruhi's General Store.
 16016 | Orc:2    | Found Qaczor's Book Emporium.
 16016 | Orc:2    | Found Wiloit's Assorted Antiques.
 16099 | Orc:2    | Killed flotson's ghost
 16109 | Orc:2    | Killed a minotaur
 16111 | Orc:2    | Identified the +3 pair of gloves "Pinulidde" {rElec rPois
                  | Str-4}
 16285 | Lair:1   | Entered Level 1 of the Lair of Beasts
 17032 | Lair:2   | Reached skill level 13 in Fighting
 17084 | Lair:2   | Reached skill level 10 in Polearms
 17093 | Lair:2   | Noticed Gastronok
 17096 | Lair:2   | Found a transporter.
 17108 | Lair:2   | Killed Gastronok
 17759 | Lair:2   | Found a transporter.
 18069 | Lair:3   | Found a staircase to the Snake Pit.
 18255 | Lair:3   | Found a hole to the Spider Nest.
 18748 | Lair:4   | Reached skill level 14 in Fighting
 18826 | Lair:4   | Reached XP level 14. HP: 132/132 MP: 21/21
 19181 | Lair:4   | You fall into a shaft and drop 1 floor!
 19474 | Lair:5   | Found a staircase to the Slime Pits.
 20062 | Lair:6   | Entered Level 6 of the Lair of Beasts
 20240 | Lair:6   | Reached skill level 15 in Fighting
 20375 | Lair:6   | Noticed a dire elephant
 20390 | Lair:6   | Noticed Vayczud's ghost (journeyman TrMo)
 20466 | Lair:6   | Found a runed translucent door.
 20533 | Lair:6   | Killed a dire elephant
 20979 | Lair:6   | Found a burning altar of Makhleb.
 20990 | Lair:6   | Found a gateway to Hell.
 21203 | Lair:6   | Killed Vayczud's ghost
 21204 | Lair:6   | Reached skill level 15 in Axes
 21704 | Orc:1    | Bought a glimmering war axe for 314 gold pieces
 21704 | Orc:1    | Identified the +10 war axe of Huar Tep {drain, rElec Int+4}
                  | (You bought it in a shop on level 1 of the Orcish Mines)
 21839 | Snake:1  | Entered Level 1 of the Snake Pit
 21861 | Snake:1  | Reached XP level 15. HP: 143/143 MP: 22/22
 22274 | Snake:1  | Reached skill level 5 in Shields
 22287 | Snake:1  | Reached skill level 16 in Fighting
 23310 | Snake:1  | HP: 4/144 [poisoned by a sea snake]
 23311 | Snake:1  | Reached skill level 15 in Armour
 23311 | Snake:1  | Succumbed to a sea snake's poison

Illustrated notes

Levels and vault maps discovered:
D:1:      dpeg_arrival_long_road, layout_basic, ebering_ecumenical_altar_rust,
          serial_shops, nicolae_shop_crystal
D:2:      layout_basic
D:3:      layout_loops_corners, uniq_sigmund
D:4:      layout_basic, uniq_duvessa, uniq_ijyb
D:5:      layout_cave_pods, due_unseen_surprise, uniq_edmund
D:6:      layout_loops_cross, minmay_temple_entry_stoned_glass, serial_shops,
          nicolae_shop_statue_plus, serial_glass, glass_columns_a,
          glass_columns_c, uniq_eustachio, uniq_blork_the_orc, uniq_menkaure
D:7:      layout_cave_pools, kennysheep_generic_room_5
D:8:      layout_basic, uniq_pikel, uniq_erica
D:9:      layout_long_grid, mainiacjoe_overflow_alcove_2,
          grunt_temple_overflow_cloverleaf, erik_orc_4,
          gammafunk_ghost_wrathful_warriors, enter_bailey_5
D:10:     layout_long_grid, okawaru_humans, enter_trove_1,
          ebering_ghost_inner_flame
D:11:     layout_stronghold, david_lair_shrubbed, minmay_sticks_and_stones
D:12:     nooodl_glass_maze, layout_basic
Temple:   compressed_dpeg_circular_temple
Lair:1:   layout_roguey, infiniplex_staircase_pool_2
Lair:2:   layout_gridlike, gammafunk_ghost_abyssal_escape, uniq_gastronok
Lair:3:   layout_chaotic_city, guppyfry_snake_entry_garden, dummy_spider_entry,
          wad_woods_road_02, minivault_24, lemuel_fruit_fields
Lair:4:   nzn_motion_control, layout_regular_city
Lair:5:   layout_cellular_growth, nicolae_slime_entry_slimehenge
Lair:6:   evil_forest, layout_loops_ring, hellmonk_ghost_happy_afterlife
Snake:1:  nicolae_snake_shooting_gallery, layout_onion_interference,
          serial_bayou_shore_a
Orc:1:    layout_caves, serial_shops, shop, nicolae_lakefront_shop, shop,
          nicolae_shop_hallway_plus, shop
Orc:2:    grunt_orc_tribal_feast, layout_caves, maelrawn_ghost_gauntlet_escape,
          uniq_donald, uniq_snorg

Skill      XL: |  1  2  3  4  5  6  7  8  9 10 11 12 13 14 15 |
---------------+----------------------------------------------+-----
Axes           | 3 4 5 7 8 10 12 15 | 15.7
Fighting       | 4 5 6 7 8 10 12 14 15 16 | 16.2
Armour         | 4 5 6 7 8 9 11 12 14 15 | 15.0
Shields        | 4 5 |  5.9
Invocations    | 1 3 4 5 6 8 10 11 | 11.1
Throwing       | 1 2 3 5 6 |  6.0
Evocations     | 1 3 5 |  5.0
Polearms       | 2 4 6 9 10 | 10.2

Action                   |  1- 3 |  4- 6 |  7- 9 | 10-12 | 13-15 || total
-------------------------+-------+-------+-------+-------+-------++-------
Melee: War axe           |    87 |    73 |   138 |       |       ||   298
       Spear             |       |       |    37 |   400 |   750 ||  1187
       Broad axe         |       |       |       |    29 |     9 ||    38
Throw: Dart              |       |       |     1 |     8 |       ||     9
Invok: Divine Shield     |       |     1 |     1 |       |       ||     2
       Summon Divine War |       |       |       |       |     1 ||     1
 Abil: Evoke Blink       |       |       |       |       |     3 ||     3
Evoke: Wand              |       |       |       |       |    19 ||    19
  Use: Scroll            |       |     8 |     3 |    11 |     6 ||    28
       Potion            |       |     1 |     1 |     3 |     5 ||    10
Armor: Scale mail        |    50 |     2 |       |       |       ||    52
       Chain mail        |       |    29 |    62 |   152 |    18 ||   261
       Plate armour      |       |       |       |       |   296 ||   296
Dodge: Dodged            |    30 |    17 |    46 |    84 |    85 ||   262
Block: Buckler           |    21 |    23 |    43 |    68 |    56 ||   211
       Kite shield       |       |       |       |       |    98 ||    98

Table legend: (Time is in decaauts)
 A = Elapsed time spent in this place.
 B = Non-inter-level travel time spent in this place.
 C = Inter-level travel time spent in this place.
 D = Time resting spent in this place.
 E = Time spent auto-exploring this place.
 F = Levels seen in this place.
 G = Mean time per level.
                   A        B        C        D        E       F      G
               +--------+--------+--------+--------+--------+-----+--------+
         Total |  22981 |  21365 |   1616 |   3327 |  14636 |  23 |  999.2 |
       Dungeon |  12942 |  12006 |    936 |   1401 |   9002 |  12 | 1078.5 |
        Temple |    132 |    123 |      9 |      0 |    110 |   1 |  132.0 |
          Lair |   5051 |   4697 |    354 |    264 |   3663 |   6 |  841.8 |
     Snake Pit |   1266 |   1266 |      0 |    555 |    257 |   1 | 1266.0 |
  Orcish Mines |   2927 |   2612 |    315 |    878 |   1317 |   2 | 1463.5 |
        Bailey |    660 |    660 |      0 |    229 |    286 |   1 |  660.0 |
               +--------+--------+--------+--------+--------+-----+--------+

Top non-repeatable levels by time:
     D:8: 1827 daAuts
   Orc:2: 1704 daAuts
     D:6: 1683 daAuts
     D:3: 1317 daAuts
 Snake:1: 1266 daAuts
   Orc:1: 1223 daAuts
    D:11: 1200 daAuts
     D:9: 1149 daAuts
     D:4: 1072 daAuts
     D:5: 1064 daAuts
    D:10: 1041 daAuts
  Lair:6: 1038 daAuts
  Lair:3: 1015 daAuts
     D:2: 1006 daAuts
  Lair:5: 929 daAuts
